 Dungeon Crawl Stone Soup version 0.31.0-12-g77e489cdc1 (webtiles) character file.

Game seed: 15524753899232267404

3502 booth the Cleaver (level 9, -2/72 HPs)
             Began as a Demonspawn Monk on Feb 17, 2024.
             Was a Priest of Okawaru.
             Slain by a troll (7 damage)
             ... on level 9 of the Dungeon on Feb 18, 2024.
             The game lasted 00:50:09 (9969 turns).

booth the Cleaver (Demonspawn Monk)                 Turns: 9969, Time: 00:50:09

Health: -2/72      AC: 10    Str: 17    XL:     9   Next: 80%
Magic:  10/12      EV: 15    Int: 10    God:    Okawaru [***...]
Gold:   181        SH:  0    Dex: 15    Spells: 8/8 levels left

rFire   + . .        a - +1 hand axe
rCold   + . .        (no shield)
rNeg    . . .        D - +0 acid dragon scales
rPois   .            b - +1 helmet
rElec   .            (no cloak)
rCorr   +            (no gloves)
SInv    .            (no boots)
Will    .....        (no amulet)
Stlth   +++          v - ring of protection from fire
HPRegen 0.32/turn    g - ring of protection from cold
MPRegen 0.13/turn

%: no passive effects
@: about to teleport, heroic
A: sturdy frame 2, demonic magic 1, demonic touch 2
a: Renounce Religion, Heroism


You were on level 9 of the Dungeon.
You worshipped Okawaru.
Okawaru was most pleased with you.
You visited 2 branches of the dungeon, and saw 10 of its levels.

You collected 467 gold pieces.
You spent 286 gold pieces at shops.

Inventory:

Hand Weapons
 a - a +1 hand axe (weapon)
 u - a +0 mace
 E - a +0 battleaxe
Missiles
 n - 27 poisoned darts
 p - 6 boomerangs (quivered)
 z - 2 atropa-tipped darts
 C - a curare-tipped dart
Armour
 b - a +1 helmet (worn)
 d - an orb of light
 D - +0 acid dragon scales (worn)
Jewellery
 g - a ring of protection from cold (right hand)
 j - a +6 ring of strength
 k - a +4 ring of protection
 v - a ring of protection from fire (left hand)
Wands
 o - a wand of flame (4)
Scrolls
 c - 3 scrolls of fog
 e - a scroll of teleportation
 l - 6 scrolls of identify
 w - 2 scrolls of poison
 x - a scroll of noise
 y - 3 scrolls of amnesia
 A - a scroll of vulnerability
 B - a scroll of revelation {unknown}
Potions
 f - a potion of might
 m - 2 potions of lignification
 q - a potion of magic
 r - a potion of invisibility
 s - 2 potions of enlightenment
 t - a potion of attraction


   Skills:
 + Level 7.3(12.3) Fighting
 * Level 9.1(14.1) Axes
 + Level 4.9(9.9) Throwing
 + Level 3.4(8.4) Armour
 - Level 2.6(7.6) Dodging
 + Level 5.0 Invocations


You had 8 spell levels left.
You didn't know any spells.
Your spell library contained the following spells:

 Spells                   Type           Power      Damage    Failure   Level
 Apportation              Tloc           0%         N/A       36%         1
 Sting                    Conj/Alch      0%         1d3       36%         1
 Blink                    Tloc           0%         N/A       50%         2
 Jinxbite                 Hex            0%         N/A       50%         2
 Lesser Beckoning         Tloc           0%         N/A       50%         2
 Mercury Vapours          Alch/Air       0%         N/A       50%         2
 Momentum Strike          Conj/Tloc      0%         3d8       50%         2
 Cause Fear               Hex            0%         N/A       98%         4
 Olgreb's Toxic Radiance  Alch           0%         N/A       98%         4
 Alistair's Intoxication  Alch           0%         N/A       100%        5
 Fireball                 Conj/Fire      0%         3d3       100%        5
 Dragon's Call            Summ           Unusable   N/A       N/A         9

Dungeon Overview and Level Annotations

Branches:
Dungeon (9/15)             Temple (1/1) D:5            Lair (0/5) D:8
    Orc: D:9-12

Altars:
Ashenzari
Dithmenos
Fedhas
Hepliaklqana
Kikubaaqudgha
Makhleb
Nemelex Xobeh
Okawaru
Qazlal
Ru
Sif Muna
Uskayaw
Vehumet
Wu Jian
Xom
Yredelemnul

Shops:
D:1 *   D:7 !   D:9 =


Innate Abilities, Weirdness & Mutations

Your movements are less encumbered by armour. (ER -4)
Spells you cast may paralyse adjacent enemies.
Your touch may inflict irresistible damage on your foes.


Message History

The orc wizard flickers and vanishes!
Deactivating autopickup; reactivate with Ctrl-A.
You hear an angry buzzing noise.
You closely miss the troll.
You hear some strange, mumbled words.
Something tries to affect you, but you resist.
The troll bites you! The troll claws you.
The troll claws you but does no damage.
You hit the troll but do no damage. Your touch misses the troll.
The troll bites you! The troll claws you but does no damage.
The troll claws you.
The killer bee buzzes angrily.
You hit the troll.
The troll is lightly wounded.
You slash the troll!
The troll is moderately wounded.
The troll bites you but does no damage. The troll misses you.
The troll closely misses you.
You hit the troll.
The troll is moderately wounded.
The troll barely misses you. The troll claws you but does no damage.
The troll claws you.
You barely miss the troll. Your touch misses the troll.
You punch the troll, but do no damage.
The troll is moderately wounded.
You closely miss something. Something hits you. The troll bites you!
The troll claws you!
* * * LOW HITPOINT WARNING * * *
The troll claws you but does no damage.
Okay, then.
As you read the scroll of teleportation, it crumbles to dust.
You feel strangely unstable. Something hits you.
* * * LOW HITPOINT WARNING * * *
The troll barely misses you. The troll claws you!
* * * LOW HITPOINT WARNING * * *
The troll claws you.
* * * LOW HITPOINT WARNING * * *
You gain the combat prowess of a mighty hero.
Something hits you but does no damage. The troll bites you!
You die...

.........yy.#...#................
.......######...#....############
..######........#...<#... .
..#.............#.####... .
..#.............#.# ..... .
..#.............#.#...... .
..#.............#o#...... .
..#.............#.yy..... .
..#.........)...@T#y..... .
..###'#######+###.# .....
.............>....# ..T.
).................### ...
....................# ..
'#######............# .
.......#..#######...#
.......#..#.....#...#
....)..#..'.....#...#


You could see a troll, 2 killer bees and an orc.

Vanquished Creatures
  5 yaks (D:9)
  A steam dragon (D:7)
  An acid dragon (D:8)
  2 water moccasins
  An orc warrior (D:9)
  2 ogres
  5 centaurs
  2 phantoms (D:6)
  2 kobold brigands (D:8)
  2 bullfrogs
  A gnoll sergeant (D:8)
  2 scorpions (D:6)
  2 bombardier beetles
  2 howler monkeys (D:8)
  3 jellies
  4 orc priests
  5 hounds
  7 orc wizards
  3 iguanas
  2 sleepcaps (D:6)
  A hell rat (D:8)
  5 gnolls (D:8)
  7 adders
  A shadow imp (D:5)
  2 white imps
  2 ufetubi (D:6)
  24 orcs
  5 endoplasms
  7 giant cockroaches
  9 goblins
  2 hobgoblins
  2 jackals (D:2)
  13 kobolds
  8 ball pythons
  6 bats
  3 frilled lizards
  2 rats
153 creatures vanquished.

Notes
Turn   | Place    | Note
-------+----------+-------------------------------------------
     0 | D:1      | booth the Demonspawn Monk began the quest for the Orb.
     0 | D:1      | Reached XP level 1. HP: 18/18 MP: 1/1
   305 | D:1      | Reached skill level 3 in Axes
   350 | D:1      | Gained mutation: Spells you cast may paralyse adjacent
                  | enemies. [demonic ancestry]
   350 | D:1      | Reached XP level 2. HP: 24/24 MP: 2/2
   556 | D:1      | Found Keuc's Assorted Antiques.
   565 | D:1      | Bought a scroll labelled WIBUX DETULI for 26 gold pieces
  1076 | D:2      | Reached XP level 3. HP: 29/29 MP: 3/3
  1552 | D:2      | Reached skill level 4 in Axes
  1552 | D:2      | Gained mutation: Your movements are slightly less
                  | encumbered by armour. (ER -2) [demonic ancestry]
  1552 | D:2      | Reached XP level 4. HP: 26/37 MP: 4/4
  2005 | D:3      | Found a radiant altar of Vehumet.
  2679 | D:4      | Gained mutation: Your touch may inflict minor irresistible
                  | damage on your foes. [demonic ancestry]
  2679 | D:4      | Reached XP level 5. HP: 35/42 MP: 5/5
  2728 | D:4      | Found a shimmering altar of Xom.
  3106 | D:4      | Noticed an ogre
  3123 | D:4      | Killed an ogre
  3124 | D:4      | Reached skill level 5 in Axes
  3124 | D:4      | Reached XP level 6. HP: 34/49 MP: 6/6
  3384 | D:5      | Entered Level 5 of the Dungeon
  3844 | D:5      | Reached skill level 1 in Throwing
  3902 | D:5      | Found a staircase to the Ecumenical Temple.
  3912 | Temple   | Entered the Ecumenical Temple
  3937 | Temple   | Became a worshipper of Warmaster Okawaru
  3937 | Temple   | Reached * piety under Okawaru
  3937 | Temple   | Reached ** piety under Okawaru
  3975 | D:5      | Found a stormy altar of Qazlal.
  4024 | D:5      | Reached skill level 5 in Fighting
  4266 | D:5      | Gained mutation: Your touch may inflict irresistible damage
                  | on your foes. [demonic ancestry]
  4266 | D:5      | Reached XP level 7. HP: 34/56 MP: 4/7
  4267 | D:5      | Reached skill level 6 in Axes
  4632 | D:5      | Found a blossoming altar of Fedhas.
  5476 | D:6      | Found a shadowy altar of Dithmenos.
  5621 | D:6      | Reached skill level 7 in Axes
  5621 | D:6      | Reached XP level 8. HP: 59/64 MP: 8/8
  5940 | D:7      | Reached skill level 1 in Invocations
  6170 | D:7      | Reached skill level 1 in Armour
  6350 | D:7      | Found Tuffujy's Distillery.
  6518 | D:1      | Bought 3 scrolls of identify for 156 gold pieces
  6518 | D:1      | Bought 2 scrolls of identify for 104 gold pieces
  6772 | D:7      | Found a sparkling altar of Nemelex Xobeh.
  7006 | D:8      | Reached *** piety under Okawaru
  7062 | D:8      | Noticed a death yak
  7117 | D:8      | Reached skill level 8 in Axes
  7122 | D:8      | HP: 3/65 [orc priest/nerve-wracking pain (6)]
  7367 | D:8      | Gained mutation: Your movements are less encumbered by
                  | armour. (ER -4) [demonic ancestry]
  7367 | D:8      | Reached XP level 9. HP: 25/71 MP: 11/11
  8042 | D:8      | Noticed a death yak
  8043 | D:8      | Noticed a death yak
  8676 | D:8      | Found a staircase to the Lair.
  8832 | D:9      | Found Ismiag's Jewellery Boutique.
  9605 | D:9      | Reached skill level 9 in Axes
  9616 | D:9      | Reached skill level 5 in Invocations
  9953 | D:9      | Noticed a troll
  9969 | D:9      | Slain by a troll

Illustrated notes

Levels and vault maps discovered:
D:1:      wander_arrival_desolate, layout_loops_corners, serial_shops, shop
D:2:      cheibrodos_old_hovel, layout_basic, minmay_hexomino_r4
D:3:      layout_loops_cross, vehumet_altar_wand_db, kennysheep_pointless_box
D:4:      layout_rooms, xom_teletrap_fun, sigmund_army
D:5:      layout_basic, fedhas_altar_fruit_tree, mainiacjoe_overflow_alcove_1,
          minmay_temple_entry_poolview
D:6:      layout_rooms, grunt_dithmenos_shadows
D:7:      layout_loops_ring, nemelex_diamond_rough_becter, serial_shops,
          nicolae_shop_industrial_runoff
D:8:      layout_basic, dpeg_lair_monsters, corexii_checkpoint
D:9:      layout_irregular_city, mainiacjoe_overflow_swirl, serial_shops,
          shop_fountains
Temple:   hellmonk_temple_forest_ring

Skill      XL: |  1  2  3  4  5  6  7  8  9 |
---------------+----------------------------+-----
Axes           | 3 4 5 7 8 9 |  9.1
Fighting       | 4 5 6 7 |  7.3
Throwing       | 1 2 3 4 |  4.9
Invocations    | 3 5 |  5.0
Armour         | 2 3 |  3.4
Dodging        | |  2.6

Action                     |  1- 3 |  4- 6 |  7- 9 || total
---------------------------+-------+-------+-------++-------
  Melee: Hand axe          |   111 |   129 |   352 ||   592
         Touch             |       |       |    51 ||    51
         Punch             |       |       |     6 ||     6
  Throw: Dart              |       |    19 |     6 ||    25
         Boomerang         |       |       |    33 ||    33
 Invoke: Heroism           |       |     2 |    12 ||    14
    Use: Scroll            |     4 |     6 |    15 ||    25
         Potion            |     1 |     3 |     8 ||    12
   Stab: Sleeping          |       |       |     2 ||     2
         Distracted        |       |       |     1 ||     1
 Armour: Robe              |     4 |       |       ||     4
         Leather armour    |    56 |    72 |    73 ||   201
         Ring mail         |       |       |    87 ||    87
         Acid dragon scale |       |       |   103 ||   103
  Dodge: Dodged            |    64 |    81 |   239 ||   384
